 Dungeon Crawl Stone Soup version 0.27.1-33-g824d729ab1 (webtiles) character file.

Game seed: 15048839887878986218

58 zeram the Covert (level 3, 0/18 HPs)
             Began as a Spriggan Brigand on Dec 14, 2021.
             Slain by Crazy Yiuf (18 damage)
             ... on level 2 of the Dungeon.
             The game lasted 00:02:19 (2556 turns).

zeram the Covert (Spriggan Brigand)                 Turns: 2556, Time: 00:02:20

Health: 0/18       AC:  3    Str:  7    XL:     3   Next: 76%
Magic:  4/4        EV: 16    Int: 13    God:
Gold:   57         SH:  0    Dex: 16    Spells: 2/2 levels left

rFire    . . .     SeeInvis +   a - +2 dagger
rCold    . . .     Faith    .   (shield restricted)
rNeg     . . .     Spirit   .   b - +0 robe
rPois    .         Reflect  .   (helmet restricted)
rElec    .         Harm     .   c - +0 cloak
rCorr    .         Rampage  .   (gloves unavailable)
Will     .....                  (boots unavailable)
Stlth    ++++......             (no amulet)
HPRegen  0.06/turn              (no ring)
MPRegen  0.09/turn              (no ring)

@: very quick
A: very small, no large weapons, unfitting armour, see invisible, speed 3
a: no special abilities


You were on level 2 of the Dungeon.
You visited 1 branch of the dungeon, and saw 2 of its levels.

You collected 57 gold pieces.

Inventory:

Hand Weapons
 a - a +2 dagger (weapon)
Missiles
 d - 7 poisoned darts (quivered)
 e - 2 curare-tipped darts
Armour
 b - a +0 robe (worn)
 c - a +0 cloak (worn)
Wands
 g - a wand of flame (16)
Scrolls
 f - 3 scrolls of teleportation
 j - a scroll of identify
Potions
 h - 2 potions of lignification
 i - a potion of mutation


   Skills:
 - Level 1.5 Fighting
 - Level 2.1 Short Blades
 - Level 2.0 Throwing
 + Level 1.7 Dodging
 + Level 8.2 Stealth


You had 2 spell levels left.
You didn't know any spells.
Your spell library was empty.

Dungeon Overview and Level Annotations

Branches:
Dungeon (2/15)

Altars:

Annotations:
D:2 Crazy Yiuf


Innate Abilities, Weirdness & Mutations

You are very small and have problems with some larger weapons.
You are too small for most types of armour.
You have supernaturally acute eyesight. (SInv)
You cover ground extremely quickly. (Speed+++)


Message History

The quokka is moderately wounded.
The quokka closely misses you.
You hit the quokka.
The quokka is almost dead.
The quokka completely misses you.
You barely miss the quokka.
The quokka is almost dead.
The quokka misses you.
You hit the quokka.
You kill the quokka!
No target in view!
You don't have any unidentified items.
You see here a quokka corpse.
You open the door.
There is an open door here.
You see here a ball python corpse.
Key pressed, stopping explore.
Could not explore, unopened runed door.
Could not explore, unopened runed door.
Could not explore, unopened runed door.
No reachable target in view!
You open the door.
There is an open translucent door here.
Crazy Yiuf shouts!
Throw: 8 darts (poison)
Press: ? - help, Q - select action, (/) - cycle Shift-Dir - straight line, f - Crazy Yiuf
Aim: Crazy Yiuf, wielding a +3 quarterstaff of chaos and wearing a +2 cloak (64% to hit)
You throw a poisoned dart. The poisoned dart hits Crazy Yiuf.
Crazy Yiuf is poisoned.
You hit Crazy Yiuf but do no damage. Crazy Yiuf misses you.
You closely miss Crazy Yiuf. Crazy Yiuf misses you.
You completely miss Crazy Yiuf.
Crazy Yiuf is lightly wounded.
Crazy Yiuf closely misses you.
You hit Crazy Yiuf.
Crazy Yiuf is lightly wounded.
Crazy Yiuf whimpers, "Dawk!"
Crazy Yiuf hits you with a +3 quarterstaff of chaos!!
Ouch! That really hurt!
You die...

###### #....# ####.##.#
#....##.#### ###### #####
###†........ ##.#..## ###..)#
#......... #......####.'@g.#
###......... #....#..#..##..(#
#........... #.##...#.########
###....#.... #.########
##....#.... #.# #......#...
#.##################..........
#......#>.....................
#####.....##.###..............
#.....##+###..............


You could see Crazy Yiuf (poisoned).

Vanquished Creatures
  A worm (D:2)
  A dart slug (D:1)
  4 ball pythons
  3 bats
  6 endoplasms
  A giant cockroach (D:2)
  5 goblins
  8 hobgoblins
  3 quokkas (D:2)
  A frilled lizard (D:2)
  6 kobolds
  6 rats
45 creatures vanquished.

Notes
Turn   | Place    | Note
-------+----------+-------------------------------------------
     0 | D:1      | zeram the Spriggan Brigand began the quest for the Orb.
     0 | D:1      | Reached XP level 1. HP: 10/10 MP: 2/2
    19 | D:1      | Reached skill level 6 in Stealth
   272 | D:1      | Reached XP level 2. HP: 14/14 MP: 3/3
   474 | D:1      | Reached skill level 7 in Stealth
  1020 | D:1      | Reached XP level 3. HP: 18/18 MP: 4/4
  1804 | D:2      | Reached skill level 8 in Stealth
  2107 | D:2      | Found a runed translucent door.
  2108 | D:2      | Noticed Crazy Yiuf
  2556 | D:2      | Slain by Crazy Yiuf

Illustrated notes

Levels and vault maps discovered:
D:1:      minmay_arrival_solitary_statue, layout_loops_corners
D:2:      layout_basic, serial_co_window_serial, co_window_corner_a,
          co_window_corner_a, co_window_cross_1, co_window_paths_a,
          co_window_of_opportunity_a, co_window_unsneaky_path_b,
          co_window_broadway_a, co_window_unsneaky_path_a,
          uniq_crazy_yiuf_cottage

Skill      XL: |  1  2  3 |
---------------+----------+-----
Stealth        | 6 7 8 |  8.2
Fighting       | |  1.5
Short Blades   | |  2.1
Throwing       | |  2.0
Dodging        | |  1.7

Action                   || total
-------------------------++-------
Melee: Dagger            ||   138
Throw: Dart              ||     1
  Use: Scroll            ||     4
 Stab: Sleeping          ||    16
       Distracted        ||     1
Armor: Robe              ||     9
Dodge: Dodged            ||    88
